 Dungeon Crawl Stone Soup version 0.23.2-30-g0e89c35649 (webtiles) character file.

Game seed: 4967977621456020001

72 Destapler the Chucker (level 4, -5/41 HPs)
             Began as a Troll Arcane Marksman on June 12, 2019.
             Slain by a wyvern skeleton (9 damage)
             ... on level 3 of the Dungeon.
             The game lasted 00:19:14 (1820 turns).

Destapler the Chucker (Troll Arcane Marksman)       Turns: 1820, Time: 00:19:14

Health: -5/41      AC:  6    Str: 18    XL:     4   Next: 7%
Magic:  4/4        EV: 10    Int: 15    God:
Gold:   113        SH:  0    Dex: 10    Spells: 4/5 levels left

rFire    . . .     SeeInvis .   l - +0 mace
rCold    . . .     Gourm    +   (no shield)
rNeg     . . .     Faith    .   a - +0 robe
rPois    .         Spirit   .   (helmet restricted)
rElec    .         Reflect  .   (no cloak)
rCorr    .         Harm     .   (gloves unavailable)
MR       .....                  (boots unavailable)
Stlth    +.........             (no amulet)
HPRegen  0.53/turn              (no ring)
MPRegen  0.09/turn              (no ring)

@: brilliant, invisible
A: large, unfitting armour, claws 3, fast metabolism 3, gourmand, regeneration
1, shaggy fur 1, tough skin 3
a: no special abilities


You were on level 3 of the Dungeon.
You were completely stuffed.

You visited 1 branch of the dungeon, and saw 3 of its levels.

You collected 113 gold pieces.

Inventory:

Hand Weapons
 l - a +0 mace (weapon)
Missiles
 c - 8 large rocks (quivered)
 d - 2 throwing nets
 e - 135 stones
Armour
 a - a +0 robe (worn)
Scrolls
 h - 2 scrolls of identify {unknown}
 i - 2 scrolls of remove curse {unknown}
 j - 2 scrolls of amnesia {unknown}
 m - a scroll of teleportation {unknown}
 p - a scroll of fog {unknown}
 q - a scroll of immolation {unknown}
 r - a scroll of blinking {unknown}
 s - a scroll of enchant weapon {unknown}
Potions
 k - a potion of might {unknown}
 n - a potion of curing {unknown}
 o - a potion of degeneration {unknown}
Comestibles
 f - 6 rations


   Skills:
 + Level 1.4 Fighting
 + Level 0.2 Maces & Flails
 + Level 2.3 Throwing
 + Level 2.1 Dodging
 + Level 1.3 Spellcasting
 + Level 2.2 Hexes


You had 4 spell levels left.
You knew the following spells:

 Your Spells              Type           Power        Failure   Level  Hunger
a - Corona                Hex            ###....      1%          1    ##.....

Your spell library contained the following spells:

 Spells                   Type           Power        Failure   Level  Hunger
 Slow                     Hex            ###.....     1%          2    ###....
 Inner Flame              Hex/Fire       ##......     5%          3    ####...
 Portal Projectile        Hex/Tloc       ##....       5%          3    ####...
 Cause Fear               Hex            ###.......   11%         4    #####..
 Leda's Liquefaction      Hex/Erth       ##........   16%         4    #####..


Dungeon Overview and Level Annotations

Branches:
Dungeon (3/15)

Altars:
Ashenzari
The Shining One


Innate Abilities, Weirdness & Mutations

You are too large for most types of armour.
You have claws for hands.
Your metabolism is lightning-fast.
You like to eat raw meat.
Your natural rate of healing is unusually fast.
You are covered in fur. (AC +1)
You have extremely tough skin. (AC +3)


Message History

You hit the wyvern skeleton.
The wyvern skeleton is lightly damaged.
The wyvern skeleton bites you but does no damage.
The wyvern skeleton bites you!
You hit the wyvern skeleton.
The wyvern skeleton is lightly damaged.
The wyvern skeleton bites you. The wyvern skeleton bites you!
* * * LOW HITPOINT WARNING * * *
Sorry, you're not good enough to have a special ability.
It was a potion of brilliance.
You feel clever all of a sudden. The wyvern skeleton bites you.
* * * LOW HITPOINT WARNING * * *
Okay, then.
It was a potion of invisibility.
You fade into invisibility!
The wyvern skeleton bites you.
* * * LOW HITPOINT WARNING * * *
The wyvern skeleton bites you!
You die...

♣.♣..#..##)#### #.#
♣.♣..#..##(# #.#
♣.♣........# #.#
♣.♣....÷#.## #.#
♣.♣..##<#.###### #.#
♣.♣..##........# #.########
♣.♣...###.#.##.###.........
♣.♣...###.#♣♣♣♣..Z..####..
#.........♣ ♣..♣@##.#
#########♣PP♣....##........
PP...♣###.##.#.##


P.♣PPP♣ #.# .. ..P.♣♣♣# #.. ..) ..P.. #Z# .. ♣♣♣♣ #.. ? #.# You could see a
wyvern skeleton.

Vanquished Creatures
  2 adders (D:2)
  A worm (D:2)
  A leopard gecko (D:2)
  5 orcs (D:3)
  4 giant cockroaches
  5 goblins
  4 hobgoblins
  2 jackals (D:1)
  A quokka (D:2)
  8 bats
  4 frilled lizards
  3 kobolds
  5 rats
45 creatures vanquished.

Notes
Turn   | Place    | Note
-------+----------+-------------------------------------------
     0 | D:1      | Destapler the Troll Arcane Marksman began the quest for the
                  | Orb.
     0 | D:1      | Reached XP level 1. HP: 18/18 MP: 1/1
   146 | D:1      | Reached skill level 1 in Fighting
   162 | D:1      | Reached XP level 2. HP: 27/27 MP: 2/2
  1052 | D:2      | Found a shattered altar of Ashenzari.
  1069 | D:2      | Reached XP level 3. HP: 32/33 MP: 3/3
  1080 | D:2      | Found a glowing golden altar of the Shining One.
  1167 | D:2      | Found a faded altar of an unknown god.
  1736 | D:3      | Reached XP level 4. HP: 28/41 MP: 2/4
  1820 | D:3      | Slain by a wyvern skeleton

Skill      XL: |  1  2 |
---------------+-------+-----
Fighting       | 1 |  1.4
Throwing       | 2 |  2.3
Dodging        | 2 |  2.1
Maces & Flails | |  0.2
Spellcasting   | |  1.3
Hexes          | |  2.2

Action                   |  1- 3 |  4- 6 || total
-------------------------+-------+-------++-------
Melee: Unarmed           |   151 |       ||   151
       Mace              |    34 |     8 ||    42
Throw: Large rock        |     6 |       ||     6
 Cast: Corona            |     7 |       ||     7
  Use: Potion            |       |     2 ||     2
 Stab: Sleeping          |     1 |       ||     1
  Eat: Chunk             |    20 |     3 ||    23
Armor: Robe              |   107 |     2 ||   109
Dodge: Dodged            |   129 |     2 ||   131
